 Dungeon Crawl Stone Soup version 0.23-b1-70-gd12f7cf (webtiles) character file.

Game seed: 10538036548896798911

117 Kold the Chopper (level 5, -1/46 HPs)
             Began as a Hill Orc Monk on Feb 6, 2019.
             Slain by a phantom (7 damage)
             ... on level 4 of the Dungeon.
             The game lasted 00:06:16 (3038 turns).

Kold the Chopper (Hill Orc Monk)                    Turns: 3038, Time: 00:06:16

Health: -1/46      AC:  2    Str: 15    XL:     5   Next: 1%
Magic:  5/5        EV: 13    Int: 10    God:
Gold:   126        SH:  0    Dex: 13    Spells: 4/4 levels left

rFire    . . .     SeeInvis .   a - +1 hand axe
rCold    . . .     Gourm    .   (no shield)
rNeg     . . .     Faith    .   b - +0 robe
rPois    .         Spirit   .   (no helmet)
rElec    .         Reflect  .   (no cloak)
rCorr    .         Harm     .   (no gloves)
MR       .....     Rnd*Tele +   (no boots)
Stlth    ++........             (no amulet)
HPRegen  0.15/turn              i - ring of teleportation (curse)
MPRegen  0.09/turn              e - +2 ring of slaying

@: no status effects
A: no striking features
a: no special abilities


You were on level 4 of the Dungeon.
You were not hungry.

You visited 1 branch of the dungeon, and saw 4 of its levels.

You collected 126 gold pieces.

Inventory:

Hand Weapons
 a - a +1 hand axe (weapon)
 k - a +6 short sword
Armour
 b - a +0 robe (worn)
Jewellery
 e - a +2 ring of slaying (right hand)
 i - a cursed ring of teleportation (left hand)
Wands
 l - a wand of clouds (5)
Scrolls
 d - a scroll of magic mapping
 f - a scroll of random uselessness
 g - a scroll of teleportation
 h - 5 scrolls of identify
Comestibles
 c - 8 rations


   Skills:
 - Level 4.0 Fighting
 + Level 6.2 Axes
 - Level 3.0 Dodging
 - Level 2.0 Stealth


You had 4 spell levels left.
You didn't know any spells.
Your spell library was empty.

Dungeon Overview and Level Annotations

Branches:
Dungeon (4/15)             Temple (0/1) D:4

Altars:
Gozag
Kikubaaqudgha

Annotations:
D:3 Grinder


Message History

The phantom hits you!
* * * LOW HITPOINT WARNING * * *
The phantom blinks!
You enter the shallow water.
Moving in this stuff is going to be slow.
The phantom hits you.
* * * LOW HITPOINT WARNING * * *
You closely miss the phantom.
The phantom is severely damaged.
The phantom blinks!
You barely miss the phantom.
The phantom is severely damaged.
The phantom closely misses you.
You barely miss the phantom.
The phantom is heavily damaged.
The phantom hits you but does no damage.
You closely miss the phantom.
The phantom is heavily damaged.
The phantom hits you!
You die...

#.# ####.#
#.####.....#
#)..≈≈§....#
#..≈≈§≈≈...#
#.§§§≈≈§§.#
#.§§≈>§§§#
#.§≈§≈≈≈≈##
###..≈§§≈≈..#
#..).@§§≈...#
####.###W##....#
#..>.# #....#.##
#.##.# #.###.>.#
#.##...... .....
##.#########
...##
######...####
###......#....#
.....#......#.#


You could see a phantom.

Vanquished Creatures
  Ijyb (D:2)
  An adder (D:3)
  An ooze (D:2)
  An adder skeleton (D:4)
  A worm (D:2)
  A dart slug (D:3)
  2 leopard geckos (D:2)
  7 orcs
  4 giant cockroaches
  7 goblins
  6 hobgoblins
  3 jackals
  6 kobolds (D:1)
  2 quokkas (D:3)
  3 ball pythons
  11 frilled lizards
  5 rats
62 creatures vanquished.

Notes
Turn   | Place    | Note
-------+----------+-------------------------------------------
     0 | D:1      | Kold the Hill Orc Monk began the quest for the Orb.
     0 | D:1      | Reached XP level 1. HP: 19/19 MP: 1/1
    80 | D:1      | Reached XP level 2. HP: 22/27 MP: 2/2
   689 | D:1      | Reached XP level 3. HP: 33/33 MP: 3/3
  1003 | D:2      | Found an ancient bone altar of Kikubaaqudgha.
  1203 | D:2      | Found an opulent altar of Gozag.
  1835 | D:3      | Noticed Grinder
  1835 | D:3      | Noticed Ijyb
  1855 | D:2      | Reached skill level 5 in Axes
  1864 | D:2      | Killed Ijyb
  1864 | D:2      | Reached XP level 4. HP: 8/40 MP: 4/4
  2635 | D:3      | Reached skill level 6 in Axes
  2950 | D:4      | Reached XP level 5. HP: 44/46 MP: 5/5
  2988 | D:4      | Found a staircase to the Ecumenical Temple.
  2994 | D:4      | Noticed a phantom
  3038 | D:4      | Slain by a phantom

Skill      XL: |  1  2  3  4 |
---------------+-------------+-----
Fighting       | 4 |  4.0
Stealth        | 2 |  2.0
Axes           | 5 6 |  6.2
Dodging        | 3 |  3.0

Action                   |  1- 3 |  4- 6 || total
-------------------------+-------+-------++-------
Melee: Hand axe          |   138 |    80 ||   218
  Use: Scroll            |       |     6 ||     6
       Potion            |       |     1 ||     1
 Stab: Sleeping          |     5 |     1 ||     6
       Distracted        |       |     1 ||     1
  Eat: Chunk             |     2 |     5 ||     7
Armor: Robe              |    17 |     4 ||    21
Dodge: Dodged            |    94 |    41 ||   135
